 Dungeon Crawl Stone Soup version 0.27-a0-899-ge2d0b17c59 (webtiles) character file.

Game seed: 3231774696184632765

3 jestyr24 the Magician (level 1, 15/15 HPs)
             Began as a Djinni Summoner on Apr 6, 2021.
             Was a Follower of Wu Jian.
             Quit the game on level 1 of the Dungeon.
             The game lasted 00:01:47 (195 turns).

jestyr24 the Magician (Djinni Summoner)              Turns: 195, Time: 00:01:48

Health: 15/15      AC:  2    Str:  7    XL:     1   Next: 50%
Gold:   11         EV: 12    Int: 16    God:    Wu Jian [*.....] SH:  0 Dex: 13

rFire    + + .     SeeInvis .   b - +0 spear (venom)
rCold    x . .     Faith    .   (no shield)
rNeg     . . .     Spirit   .   a - +0 robe
rPois    ∞         Reflect  .   (no helmet)
rElec    .         Harm     .   (no cloak)
rCorr    .         Rampage  .   (no gloves)
Will     .....                  (boots unavailable)
Stlth    ++........             (no amulet)
HPRegen  0.05/turn              (no ring)
MPRegen  0.00/turn              (no ring)

@: flying
A: fire resistance 2, cold vulnerability 1, float, innate caster, hp casting,
extra vitality 1
a: Renounce Religion


You were on level 1 of the Dungeon.
You worshipped Wu Jian.
Wu Jian was aware of your devotion.
You visited 1 branch of the dungeon, and saw 1 of its levels.

You collected 11 gold pieces.

Inventory:

Hand Weapons
 b - a +0 spear of venom (weapon)
Armour
 a - a +0 robe (worn)
Scrolls
 c - a scroll of brand weapon {unknown}


   Skills:
 + Level 2.1 Dodging
 + Level 1.5 Stealth
 + Level 3.7 Spellcasting


You couldn't memorise any spells.
You knew the following spells:

 Your Spells              Type           Power      Damage    Failure   Level
a - Summon Small Mammal   Summ           60%        N/A       3%          1
b - Call Imp              Summ           15%        N/A       5%          2
c - Call Canine Familiar  Summ           15%        N/A       11%         3
d - Summon Guardian Gole  Hex/Summ       15%        N/A       11%         3
e - Summon Lightning Spi  Summ/Air       15%        N/A       36%         4
f - Summon Ice Beast      Ice/Summ       15%        N/A       36%         4
Your spell library was empty.

Dungeon Overview and Level Annotations

Branches:
Dungeon (1/15)

Altars:
Wu Jian


Innate Abilities, Weirdness & Mutations

You are immune to poison.
Your flesh is very heat resistant. (rF++)
You are vulnerable to cold. (rC-)
You float through the air rather than walking.
You learn spells naturally, not from books.
Your magical power is your life essence.
You have superior vitality. (+4 HP)


Message History

Your bat disappears in a puff of smoke!
HP restored.
You see here a ball python corpse.
Found a dagger.
Found a faded altar of an unknown god.
Found 11 gold pieces.
A rat comes into view.
An endoplasm and a giant cockroach come into view.
Found a scroll labelled YMETERA FARIACH.
Casting: Summon Small Mammal (safe; 3% risk of failure)
Confirm with . or Enter, or press ? or * to list all spells.
Casting: Summon Small Mammal (safe; 3% risk of failure)
Confirm with . or Enter, or press ? or * to list all spells.
The endoplasm quivers.
Your rat barely misses the giant cockroach.
You hit the giant cockroach.
The giant cockroach is poisoned.
The giant cockroach is almost dead.
You kill the giant cockroach!
Your quokka bites the endoplasm.
Your rat bites the endoplasm.
You hit the endoplasm.
The endoplasm is severely wounded.
The endoplasm freezes you.
You are frozen.
You feel a terrible chill!
Your quokka bites the endoplasm.
The endoplasm dies!
Your quokka disappears in a puff of smoke!
Your rat disappears in a puff of smoke!
There is a faded altar of an unknown god here.
You see here a +0 dagger.
You now have 11 gold pieces.
c - a scroll labelled YMETERA FARIACH
There is a faded altar of an unknown god here.
You see here a +0 dagger.
You cannot tell which god this altar belongs to.
Convert to them anyway?
Wu Jian accepts your prayer! The Council welcomes you!
You can now perform damaging attacks by moving towards foes.
You can now lightly attack monsters by moving around them.
You need no library to learn spells.
Unknown command.
Press < or > to pray at altars.
Are you sure you want to abandon this character and quit the game? (Confirm with "yes".)

#.# ####......## ##.##
##........#
###...###.........#
....<.............####
###...###............#
##.## ##...[....##r
#.# ####........# #.#
#...........# ...
#........@..## ...
#............#
.................#
..............#
###........####
##......## ########


There were no monsters in sight!

Vanquished Creatures
  A giant cockroach (D:1)
  A bat (D:1)
2 creatures vanquished.

Vanquished Creatures (collateral kills)
  An endoplasm (D:1)
  A ball python (D:1)
2 creatures vanquished.

Grand Total: 4 creatures vanquished

Notes
Turn   | Place    | Note
-------+----------+-------------------------------------------
     0 | D:1      | jestyr24 the Djinni Summoner began the quest for the Orb.
     0 | D:1      | Reached XP level 1. HP: 15/15 MP: 0/0
    63 | D:1      | Found a faded altar of an unknown god.
   194 | D:1      | Became a worshipper of the Wu Jian Council
   194 | D:1      | Reached * piety under Wu Jian
   195 | D:1      | Quit the game

Illustrated notes

Levels and vault maps discovered:
D:1:      roderic_crossed_star, layout_rooms,
          ebering_ecumenical_altar_sacrificial

Action                   || total
-------------------------++-------
Melee: Spear             ||     4
 Cast: Summon Small Mamm ||     5

Table legend: (Time is in decaauts)
 A = Elapsed time spent in this place.
 B = Non-inter-level travel time spent in this place.
 C = Inter-level travel time spent in this place.
 D = Time resting spent in this place.
 E = Time spent auto-exploring this place.
 F = Levels seen in this place.
 G = Mean time per level.
                   A        B        C        D        E       F      G
               +--------+--------+--------+--------+--------+-----+--------+
         Total |    194 |    194 |      0 |      0 |    162 |   1 |  194.0 |
       Dungeon |    194 |    194 |      0 |      0 |    162 |   1 |  194.0 |
               +--------+--------+--------+--------+--------+-----+--------+

Top non-repeatable levels by time:
     D:1: 194 daAuts
